 Dungeon Crawl Stone Soup version 0.25-a0-1119-g28b6fd0c3b (webtiles) character file.

Game seed: 9500150150191210471, levelgen mode: deterministic

8765 HoaS the Grappler (level 11, -2/74 HPs)
             Began as a Gargoyle Berserker on May 17, 2020.
             Was a High Priest of Trog.
             Slain by a blink frog (11 damage)
             ... on level 1 of the Lair of Beasts.
             The game lasted 00:24:38 (11624 turns).

HoaS the Grappler (Gargoyle Berserker)             Turns: 11624, Time: 00:24:39

Health: -2/74      AC: 22    Str: 24    XL:     11   Next: 36%
Magic:  11/11      EV:  8    Int:  8    God:    Trog [*****.]
Gold:   386        SH:  5    Dex:  9    Spells: 10/10 levels left

rFire    . . .     SeeInvis .     - Unarmed
rCold    . . .     Gourm    .   (no shield)
rNeg     + . .     Faith    .   l - +0 chain mail
rPois    ∞         Spirit   .   y - +2 helmet
rElec    +         Reflect  +   d - scarf {repulsion}
rCorr    .         Harm     .   B - +0 pair of gloves
MR       .....                  E - +0 pair of boots
Stlth    ..........             x - amulet of reflection
HPRegen  0.22/turn              (no ring)
MPRegen  0.12/turn              (no ring)

@: repel missiles
A: negative energy resistance 1, electricity resistance, unbreathing,
petrification resistance, rot immunity, AC +8
a: Berserk, Trog's Hand, Brothers in Arms, Renounce Religion


You were on level 1 of the Lair of Beasts.
You worshipped Trog.
Trog was extremely pleased with you.
You were hungry.

You visited 2 branches of the dungeon, and saw 12 of its levels.
You also visited: Sewer.

You collected 673 gold pieces.
You spent 287 gold pieces at shops.

Inventory:

Hand Weapons
 w - a +1 arbalest
Missiles
 o - 48 bolts (quivered)
Armour
 d - a scarf of repulsion (worn)
 l - a +0 chain mail (worn)
 y - a +2 helmet (worn)
 B - a +0 pair of gloves (worn)
 E - a +0 pair of boots (worn)
Jewellery
 n - an uncursed ring of fire
 x - an amulet of reflection (around neck)
Wands
 e - a wand of polymorph (10)
 p - a wand of paralysis (12)
 r - a wand of digging (7)
 A - a wand of random effects (42)
 C - a wand of flame (43)
Scrolls
 a - 3 scrolls of enchant armour
 h - 9 scrolls of teleportation
 i - 2 scrolls of remove curse
 z - 2 scrolls of identify
 D - a scroll of fear
Potions
 c - 5 potions of degeneration {unknown}
 f - 5 potions of heal wounds {unknown}
 g - 4 potions of lignification
 j - 2 potions of might
 k - a potion of stabbing {unknown}
 m - a potion of curing {unknown}
 q - 2 potions of mutation
 s - 6 potions of flight
 t - a potion of haste
 u - a potion of magic {unknown}
 v - a potion of ambrosia {unknown}
Comestibles
 b - 7 rations


   Skills:
 + Level 11.3 Fighting
 + Level 6.6 Crossbows
 - Level 2.1 Armour
 - Level 1.5 Dodging
 + Level 12.5 Unarmed Combat


You had 10 spell levels left.
You didn't know any spells.
Your spell library was empty.

Dungeon Overview and Level Annotations

Branches:
Dungeon (10/15)            Temple (0/1) D:7            Lair (2/6) D:8
  Sewer (visited)
  Swamp: Lair:2-4    Shoals: Lair:2-4     Snake: Lair:2-4    Spider: Lair:2-4
    Orc: D:9-12

Altars:
Cheibriados
Dithmenos
Elyvilon
Hepliaklqana
Kikubaaqudgha
Makhleb
Nemelex Xobeh
Okawaru
Qazlal
Ru
Uskayaw
Wu Jian
Xom
The Shining One

Shops:
D:4 %*(!?   D:6 ?

Portals:
Ice
Cave: Lair:2

Annotations:
D:10 Snorg


Innate Abilities, Weirdness & Mutations

You are resistant to torment.
Your stone body is resilient. (AC +8)
You are immune to poison.
You resist negative energy. (rN+)
You are resistant to electric shocks. (rElec)
You can survive without breathing.
You are immune to petrification.
You are immune to rotting.


Message History

Trog accepts your kill. The blink frog hits you.
* * * LOW HITPOINT WARNING * * *
The blink frog blinks!
You enter the shallow water.
Moving in this stuff is going to be slow.
The blink frog blinks!
Why would you want to do that? Why would you want to do that?
Why would you want to do that?
The blink frog blinks!
The blink frog hits you but does no damage.
The blink frog blinks!
The blink frog blinks!
The blink frog blinks!
You see here a rapier.
You are feeling hungry.
The blink frog blinks!
The blink frog closely misses you. The blink frog hits you!
You die...

##.###..###.≈F≈≈≈≈≈≈≈.#....#.#
.#####..###.≈≈≈≈≈≈≈≈≈.......###
###......###.≈≈≈≈≈≈≈≈.........#
.#.............).≈.....###...##
.............#.###....##
##.####
#..........#..§##.##...#
##.^..#
...##..........#####...#
#.....## ..###....###....##
#...# #.....≈P .#####..##
###.F@###...# ##....≈≈ ##
#.....#####..###....# #......≈
# ##........##....##...#
##....≈P #
#..........#...###.### ##.....P
###..............# ###
##......≈ ##...............#
#### #........
....^............#
#..###.......≈
.P...............#
#...###.....≈P
#...........P....###...#
#.#....≈


You could see a blink frog.

Vanquished Creatures
  A hydra (Lair:1)
  2 two-headed ogres
  Pikel (D:4)
  A black mamba (Lair:1)
  A komodo dragon (Lair:1)
  2 spiny frogs
  Grinder (D:4)
  Sigmund (D:4)
  A wyvern (D:8)
  Eustachio (D:5)
  A hungry ghost (D:8)
  Menkaure (D:5)
  An acid dragon (D:9)
  Edmund (D:4)
  A water moccasin (Lair:1)
  A porcupine (Lair:1)
  A sky beast (D:8)
  6 ice beasts
  4 slaves (D:4)
  3 ogres
  A crocodile (Lair:1)
  3 big kobolds
  2 gnoll sergeants
  4 bullfrogs
  A scorpion (D:6)
  4 killer bees (D:8)
  15 wights
  An electric eel (Lair:1)
  5 crimson imps
  A bullfrog zombie (D:9)
  A centaur zombie (D:8)
  3 hounds
  3 orc priests
  3 centaur skeletons
  2 jellies
  3 orc wizards
  10 worker ants
  2 hound skeletons
  A worker ant zombie (D:8)
  3 howler monkey skeletons
  13 gnolls
  12 adders
  2 river rats (Sewer)
  2 shadow imps
  An adder skeleton (D:8)
  4 worms
  4 dart slugs
  7 leopard geckos
  28 orcs
  8 bats
  2 giant cockroaches
  7 goblins
  14 hobgoblins
  17 jackals
  55 kobolds
  3 quokkas
  A ball python (D:2)
  6 frilled lizards
  A jackal skeleton (D:8)
  13 rats
300 creatures vanquished.

Vanquished Creatures (others)
  A fungus (Lair:2)
  A plant (Lair:2)
2 creatures vanquished.

Grand Total: 302 creatures vanquished

Notes
Turn   | Place    | Note
-------+----------+-------------------------------------------
     0 | D:1      | HoaS the Gargoyle Berserker began the quest for the Orb.
     0 | D:1      | Reached XP level 1. HP: 14/14 MP: 1/1
   194 | D:1      | Reached XP level 2. HP: 19/19 MP: 2/2
   407 | D:1      | Reached XP level 3. HP: 24/24 MP: 3/3
   727 | D:1      | Reached skill level 4 in Unarmed Combat
   885 | D:2      | Reached ** piety under Trog
  1225 | D:2      | Reached XP level 4. HP: 29/29 MP: 4/4
  1233 | D:2      | Found a hide-covered altar of Uskayaw.
  1486 | D:3      | Reached XP level 5. HP: 34/34 MP: 5/5
  1490 | D:3      | Found a shadowy altar of Dithmenos.
  1558 | D:3      | Found an iron altar of Okawaru.
  1607 | D:3      | Reached skill level 5 in Unarmed Combat
  2023 | D:3      | Reached *** piety under Trog
  2581 | D:3      | Reached XP level 6. HP: 40/40 MP: 6/6
  2622 | D:3      | Reached skill level 5 in Fighting
  2703 | D:3      | Reached skill level 6 in Unarmed Combat
  3145 | D:4      | Found a burning altar of Makhleb.
  3157 | D:4      | Reached **** piety under Trog
  3266 | D:4      | Noticed Grinder
  3290 | D:4      | Killed Grinder
  3290 | D:4      | Reached skill level 7 in Unarmed Combat
  3290 | D:4      | Reached XP level 7. HP: 38/45 MP: 7/7
  3361 | D:4      | Noticed Pikel
  3393 | D:4      | Killed Pikel
  3393 | D:4      | Reached skill level 8 in Unarmed Combat
  3393 | D:4      | Reached XP level 8. HP: 5/52 MP: 8/8
  3685 | D:4      | Found Niku Mar's Distillery.
  3706 | D:4      | Found Zeun's Magic Scroll Boutique.
  3718 | D:4      | Bought a scroll of enchant armour for 97 gold pieces
  3718 | D:4      | Bought a scroll of enchant armour for 97 gold pieces
  3718 | D:4      | Bought a scroll of teleportation for 39 gold pieces
  3897 | D:4      | Found an ancient bone altar of Kikubaaqudgha.
  3897 | D:4      | Found a sacrificial altar of Ru.
  3941 | D:4      | Found Cowkohih's General Store.
  3958 | D:4      | Found a white marble altar of Elyvilon.
  4076 | D:4      | Noticed Edmund
  4084 | D:4      | Killed Edmund
  4159 | D:4      | Found a hazy altar of Hepliaklqana.
  4259 | D:4      | Found Usyfai's Weapon Shop.
  4344 | D:4      | Found Kiyck's Food Shop.
  4348 | D:4      | Noticed Sigmund
  4397 | D:4      | Killed Sigmund
  4397 | D:4      | Reached skill level 9 in Unarmed Combat
  4539 | D:4      | Found an ornate altar of the Wu Jian Council.
  4596 | D:5      | Entered Level 5 of the Dungeon
  4913 | D:5      | Found a glowing drain.
  4946 | Sewer    | Entered a sewer
  5069 | Sewer    | Reached XP level 9. HP: 52/59 MP: 7/9
  5156 | Sewer    | Found a glowing silver altar of Zin.
  5248 | D:5      | Noticed Menkaure
  5252 | D:5      | Killed Menkaure
  5381 | D:5      | Noticed Eustachio
  5398 | D:5      | Killed Eustachio
  5398 | D:5      | Reached skill level 10 in Unarmed Combat
  5999 | D:6      | Found Duegusil's Magic Scroll Shoppe.
  6804 | D:7      | Found a glowing golden altar of the Shining One.
  7191 | D:7      | Found a staircase to the Ecumenical Temple.
  7364 | D:7      | Found a sparkling altar of Nemelex Xobeh.
  7367 | D:7      | Found a stormy altar of Qazlal.
  7553 | D:8      | Reached skill level 1 in Crossbows
  7553 | D:8      | Reached skill level 11 in Unarmed Combat
  7723 | D:8      | Reached XP level 10. HP: 63/66 MP: 10/10
  7937 | D:4      | Bought a +0 pair of gloves for 54 gold pieces
  8013 | D:8      | Reached ***** piety under Trog
  8224 | D:8      | Found a staircase to the Lair.
  8298 | D:8      | Noticed a two-headed ogre
  8309 | D:8      | Killed a two-headed ogre
  8662 | D:8      | Found a snail-covered altar of Cheibriados.
  8714 | D:8      | Reached skill level 10 in Fighting
  9228 | D:9      | Noticed a two-headed ogre
  9243 | D:9      | Killed a two-headed ogre
  9243 | D:9      | Reached skill level 5 in Crossbows
  9287 | D:9      | Reached skill level 12 in Unarmed Combat
  9720 | D:9      | Found a shimmering altar of Xom.
  9928 | D:10     | Entered Level 10 of the Dungeon
  9928 | D:10     | Noticed Snorg
  9980 | Lair:1   | Entered Level 1 of the Lair of Beasts
 10153 | Lair:1   | Noticed a four-headed hydra
 10166 | Lair:1   | Killed a four-headed hydra
 10166 | Lair:1   | Reached XP level 11. HP: 43/73 MP: 11/11
 11297 | Lair:2   | Found a frozen archway.
 11624 | Lair:1   | Slain by a blink frog

Illustrated notes

Levels and vault maps discovered:
D:1:      shiori_arrival_oz, layout_loops_ring
D:2:      layout_basic, eat_drink_and_be_merry_uskayaw
D:3:      minmay_goblin_kobold_castle, layout_loops_ring, old_standard_altar,
          okawaru_gym_becter, first_ration
D:4:      layout_basic, marbit_many_paths, nicolae_overflow_crystal_walls,
          kennysheep_little_box, gammafunk_temple_overflow_pools, serial_shops,
          shop, nicolae_shop_trees, shop_statue, shop, nicolae_shop_crystal,
          interstate_on_off, st_stairs_12, minmay_ruined_shrine, uniq_sigmund,
          uniq_edmund, uniq_grinder, uniq_pikel
D:5:      layout_loops_ring, portal_sewer_entry_b, uniq_eustachio, uniq_menkaure
D:6:      layout_loops_ring, serial_co_window_serial, co_window_paths_b,
          co_window_of_opportunity_a, co_window_of_opportunity_a,
          co_window_paths_a, co_window_paths_a, co_window_corner_cb,
          co_window_broadway_a, co_window_corner_b, co_window_of_opportunity_b,
          co_window_broadway_c, co_window_broadway_c, co_window_paths_d,
          glass_columns_b, glass_columns_a, glass_columns_a, serial_shops,
          shop_scrolls
D:7:      layout_loops_corners, grunt_temple_overflow_open, kennysheep_mini,
          minmay_temple_entry_grid, dk_rats_in_the_wall
D:8:      layout_layer_cave, cheibriados_altar_1, lair_entry_dummy
D:9:      layout_basic, kennysheep_mini_moat
D:10:     layout_small_grid, david_orc_2, nicolae_trove_entry_free_sample,
          uniq_snorg
Lair:1:   layout_concentric_octagons, serial_bayou_ford_a,
          infiniplex_staircase_pool_2, lemuel_fruit_fields, serial_bayou_shore_a
Lair:2:   layout_regular_city, portal_ice_cave_entry_ice_beasts,
          minmay_stone_trees_small, grunt_megastairs_2

Skill      XL: |  1  2  3  4  5  6  7  8  9 10 11 |
---------------+----------------------------------+-----
Unarmed Combat | 4 5 7 8 9 11 12 | 12.5
Fighting       | 4 5 6 7 9 10 11 | 11.3
Crossbows      | 2 5 6 |  6.6
Armour         | |  2.1
Dodging        | |  1.5

Action                   |  1- 3 |  4- 6 |  7- 9 | 10-12 || total
-------------------------+-------+-------+-------+-------++-------
Melee: Unarmed           |   168 |   295 |   395 |   316 ||  1174
       Punch             |     1 |     3 |    10 |    17 ||    31
 Fire: Arbalest          |       |       |       |     7 ||     7
Invok: Trog's Hand       |       |     1 |     2 |     1 ||     4
       Berserk           |       |       |     1 |     1 ||     2
  Use: Scroll            |       |       |    14 |     4 ||    18
 Stab: Distracted        |       |       |     1 |       ||     1
  Eat: Chunk             |     1 |     7 |    17 |     7 ||    32
       Ration            |       |       |       |     3 ||     3
Armor: Animal skin       |    16 |       |       |       ||    16
       Ring mail         |    50 |     5 |       |       ||    55
       Chain mail        |       |   200 |   212 |   174 ||   586
Dodge: Dodged            |   106 |   142 |   119 |    98 ||   465
       Repelled          |       |    28 |     1 |     1 ||    30
Block: Other             |       |       |    29 |    72 ||   101
       Reflection        |       |       |       |     1 ||     1

Table legend:
 A = Non-vault XP
 B = Vault XP
 C = Vault XP percentage of total XP
 D = Non-vault monster count
 E = Vault monster count
 F = Vault count percentage of total count
                 A         B        C        D         E       F
            +---------+---------+-------+---------+---------+-------
      Total |    9583 |    2939 |  23.5 |     212 |      84 |  28.4
            +---------+---------+-------+---------+---------+-------
        D:1 |      48 |       4 |   7.7 |      27 |       2 |   6.9
        D:2 |      43 |      16 |  27.1 |      19 |       2 |   9.5
        D:3 |     137 |     211 |  60.6 |      24 |      49 |  67.1
        D:4 |     227 |    1394 |  86.0 |      17 |       8 |  32.0
        D:5 |     267 |     381 |  58.8 |      10 |       6 |  37.5
        D:6 |     364 |       0 |   0.0 |      16 |       0 |   0.0
        D:7 |     888 |       0 |   0.0 |      24 |       0 |   0.0
        D:8 |    2362 |       0 |   0.0 |      25 |       0 |   0.0
        D:9 |    2165 |       0 |   0.0 |      41 |       0 |   0.0
     Lair:1 |    2629 |     278 |   9.6 |       8 |       2 |  20.0
     Lair:2 |     453 |     517 |  53.3 |       1 |       4 |  80.0
      Sewer |       0 |     138 | 100.0 |       0 |      11 | 100.0
            +---------+---------+-------+---------+---------+-------
